AoeStats
← 西溪梨

Nomad

519632857Analyzed
4v4 RM · 8d ago on Nov 8, 2026· 29m 14s· 8 players
Game mode
Random Map
Map size
231×231
Population
200
Speed
Normal
Resources
Standard
Victory
Conquest
Starting age
Dark Age
Ending age
Imperial Age
RankedLock teamsTeams togetherTeam positionsShared explorationLock speedFull tech treeHidden civsTurbo modeCheats
Victory
Defeat
🇨🇳 Koreans · China
1903
+11
🇺🇸 Goths · United States
1862
+12
🇨🇳 Huns · China
1769
+15
🇨🇳 Maya · China
1747
+15
vs
🇰🇷 Byzantines · South Korea
1836
-16
🇨🇳 Magyars · China
1820
-15
🇨🇳 Teutons · China
1714
-12
🇨🇳 Shu · China
1648
-10
Classic Noob
10:39 Loom
13:31 Feudal Age
14:22 Double-Bit Axe
17:15 Castle Age
16:57 Gold Mining
18:20 Fishing Lines
24:52 Imperial Age
22:46 Bow Saw
23:16 Medium Warships
23:21 Siphons
23:50 Clinker Construction
26:13 Padded Archer Armor
26:43 Shipwright
26:59 Carvel Hull
27:41 Heavy Warships
27:48 Fletching
28:48 Stone Mining
29:01 Bodkin Arrow
a
7:01 Loom
10:09 Loom
14:02 Feudal Age
17:55 Castle Age
16:33 Double-Bit Axe
17:09 Horse Collar
18:56 Bow Saw
25:28 Sanctity
lazypig
5:00 Loom
14:40 Feudal Age
18:40 Castle Age
17:03 Stone Mining
20:08 Scale Barding Armor
20:16 Gold Mining
21:27 Chain Barding Armor
21:59 Horse Collar
knife
5:33 Loom
15:54 Feudal Age
16:33 Town Watch
19:18 Castle Age
17:46 Fletching
20:20 Bodkin Arrow
20:31 Thumb Ring
20:48 Thumb Ring
21:08 Double-Bit Axe
20:48 Crossbowman
24:21 Padded Archer Armor
24:55 Ballistics
24:46 Bow Saw
24:17 Horse Collar
香香瓜子壳
10:07 Loom
12:21 Feudal Age
17:11 Castle Age
15:55 Double-Bit Axe
16:49 Gold Mining
17:04 Town Watch
20:11 Bow Saw
21:28 Horse Collar
23:14 Fishing Lines
26:15 Wheelbarrow
26:17 Fletching
27:41 Bodkin Arrow
28:04 Hand Cart
32:24 Imperial Age
kibou
10:13 Loom
13:40 Feudal Age
18:23 Castle Age
16:46 Double-Bit Axe
19:20 Bow Saw
19:15 Fishing Lines
20:36 Gillnets
22:01 Wheelbarrow
22:47 Horse Collar
24:32 Hand Cart
29:13 Imperial Age
27:25 Scale Barding Armor
28:31 Chain Barding Armor
28:22 Forging
29:14 Bloodlines
29:04 Husbandry
大白000000
5:08 Loom
14:18 Feudal Age
15:12 Town Watch
18:05 Castle Age
16:42 Fishing Lines
17:18 Double-Bit Axe
19:07 Bow Saw
18:50 Gillnets
23:16 Scale Mail Armor
26:28 Forging
西溪梨
5:34 Loom
14:42 Feudal Age
18:43 Castle Age
16:27 Fishing Lines
16:49 Double-Bit Axe
20:25 Bow Saw
20:14 Gillnets
20:39 Fletching
21:25 Bodkin Arrow
26:04 Ballistics
26:36 Padded Archer Armor
28:05 Wheelbarrow
27:22 Gold Mining
27:22 Stone Mining
28:09 Horse Collar
Connection lost

Rejoining the realm…

Still unreachable

The connection could not be restored.

Session expired

The server has moved on; the page needs a fresh start.